 Dungeon Crawl Stone Soup version 0.28.0 (webtiles) character file.

Game seed: 6177337509840845040

703 Ijustatesigmund the Cudgeller (level 7, -4/46 HPs)
             Began as a Gargoyle Fighter on Feb 11, 2022.
             Slain by an ogre (16 damage)
             ... on level 5 of the Dungeon.
             The game lasted 00:06:33 (4741 turns).

Ijustatesigmund the Cudgeller (Gargoyle Fighter)    Turns: 4741, Time: 00:06:33

Health: -4/46      AC: 17    Str: 20 (22) XL:     7   Next: 66%
Magic:  7/7        EV:  5    Int:  6 (8)  God:
Gold:   205        SH:  4    Dex:  7 (9)  Spells: 6/6 levels left

rFire   . . .      SeeInvis .   a - +0 flail
rCold   . . .      Faith    .   c - +0 buckler
rNeg    + + .      Spirit   .   b - +0 plate armour
rPois   ∞          Reflect  .   (no helmet)
rElec   +          Harm     .   (no cloak)
rCorr   +          Rampage  .   h - +0 pair of gloves
Will    .....                   (no boots)
Stlth   ..........              (no amulet)
HPRegen 0.15/turn               f - ring of resist corrosion
MPRegen 0.10/turn               j - ring of positive energy

@: mighty, attractive
A: sickness immunity, AC +4, negative energy resistance 1, electricity
resistance, torment resistance 1, petrification resistance
a: no special abilities


You were on level 5 of the Dungeon.
You visited 1 branch of the dungeon, and saw 6 of its levels.

You collected 205 gold pieces.

Inventory:

Hand Weapons
 a - a +0 flail (weapon)
Armour
 b - a +0 plate armour (worn)
 c - a +0 buckler (worn)
 h - a +0 pair of gloves (worn)
Jewellery
 f - a ring of resist corrosion (left hand)
 j - a ring of positive energy (right hand)
Potions
 e - a potion of resistance


   Skills:
 + Level 6.1 Fighting
 + Level 6.7 Maces & Flails
 + Level 3.8 Armour
 - Level 3.2 Shields


You had 6 spell levels left.
You didn't know any spells.
Your spell library was empty.

Dungeon Overview and Level Annotations

Branches:
Dungeon (6/15)
 Temple: D:4-7

Altars:
Elyvilon
Trog

Shops:
D:1 =

Annotations:
D:1 1 runed translucent door
D:4 1 runed translucent door


Innate Abilities, Weirdness & Mutations

You are immune to sickness and miasma.
Your stone body is resilient. (AC +4)
You are immune to poison.
You resist negative energy. (rN+)
You are resistant to electric shocks. (rElec)
You are resistant to unholy torment.
You are immune to petrification.


Message History

You feel very mighty all of a sudden. You block the hound's attack.
The hound bites you but does no damage.
It was a potion of degeneration.
There was something very wrong with that liquid.
You feel weakened.
You feel dopey.
You feel clumsy. The hound bites you but does no damage.
It was a potion of attraction.
You feel attractive to monsters. The hound bites you but does no damage.
You block the hound's attack.
You closely miss the hound.
The hound is moderately wounded.
You block the hound's attack.
You barely miss the hound.
The hound is moderately wounded.
The hound bites you but does no damage. x2
You sock the hound!
The hound is almost dead.
The hound bites you but does no damage.
You thump the hound!
You kill the hound!
Your Fighting skill increases to level 6!
You barely miss the hound.
The hound bites you but does no damage. x2
You barely miss the hound. You block the hound's attack.
The hound completely misses you.
You closely miss the hound. The hound bites you.
You sock the hound!
The hound is almost dead.
The hound bites you but does no damage. x2
You closely miss the hound.
The hound is almost dead.
The hound closely misses you. The hound bites you but does no damage.
You sock the hound!
You kill the hound!
You barely miss the ogre. The ogre barely misses you.
You barely miss the ogre. The ogre hits you with a +0 giant club!
* * * LOW HITPOINT WARNING * * *
You hit the ogre.
The ogre is moderately wounded.
The ogre hits you with a +0 giant club!
You die...

...# ...... #.....
#....# #.. ....# #...#
##..## ### #...
#....##..# #..#
#...O@..#
#..###...##.......
####....#...# ....... .
##..#........##.......
..#...#.................
..#..............####...
.. .#............# ...
.## ##...........# ..
..###....[.........


You could see an ogre.

Vanquished Creatures
  The ghost of Zeus21348 the Chopper, an amateur HOMo of Beogh (D:4)
  2 black bears
  A sky beast (D:3)
  3 hounds
  2 iguanas
  An orc wizard (D:4)
  3 adders
  An adder skeleton (D:4)
  3 worms
  2 dart slugs
  4 orcs
  8 endoplasms
  3 giant cockroaches
  6 goblins
  6 hobgoblins
  4 jackals (D:1)
  3 quokkas (D:2)
  7 ball pythons
  4 bats
  3 frilled lizards
  8 kobolds
  6 rats
81 creatures vanquished.

Vanquished Creatures (others)
  4 fungi (D:1)
  18 plants (D:3)
  6 toadstools (D:1)
28 creatures vanquished.

Grand Total: 109 creatures vanquished

Notes
Turn   | Place    | Note
-------+----------+-------------------------------------------
     0 | D:1      | Ijustatesigmund the Gargoyle Fighter began the quest for
                  | the Orb.
     0 | D:1      | Reached XP level 1. HP: 14/14 MP: 1/1
     1 | D:1      | Found a runed translucent door.
   146 | D:1      | Reached XP level 2. HP: 8/19 MP: 2/2
   651 | D:1      | Reached XP level 3. HP: 24/24 MP: 3/3
   715 | D:1      | Found Ulure's Jewellery Shoppe.
   747 | D:1      | Found a faded altar of an unknown god.
  1594 | D:2      | Reached XP level 4. HP: 28/29 MP: 4/4
  2095 | D:3      | Noticed a sky beast
  2129 | D:3      | Killed a sky beast
  2130 | D:3      | Reached XP level 5. HP: 21/34 MP: 5/5
  2341 | D:3      | Found a white marble altar of Elyvilon.
  3434 | D:4      | Reached skill level 5 in Maces & Flails
  3474 | D:4      | Found a runed translucent door.
  3476 | D:4      | Noticed Zeus21348's ghost (amateur HOMo)
  3492 | D:4      | Killed Zeus21348's ghost
  3493 | D:4      | Reached skill level 5 in Fighting
  3493 | D:4      | Reached XP level 6. HP: 20/40 MP: 6/6
  3510 | D:4      | Found a runed translucent door.
  3675 | D:4      | Noticed a black bear
  3677 | D:4      | Found a bloodstained altar of Trog.
  3678 | D:4      | Noticed a black bear
  3689 | D:3      | Killed a black bear
  3690 | D:3      | Reached XP level 7. HP: 23/44 MP: 7/7
  4396 | D:5      | Entered Level 5 of the Dungeon
  4741 | D:5      | Slain by an ogre

Illustrated notes

Levels and vault maps discovered:
D:1:      dpeg_arrival_caged_fury, layout_basic,
          shapermc_ecumenical_altar_mp_highgroup, serial_shops, shop,
          minmay_gold_behind_fungi
D:2:      layout_loops_ring, serial_co_window_serial, co_window_paths_a,
          co_window_corner_a, co_window_paths_a, co_window_paths_b,
          co_window_paths_a, co_window_unsneaky_path_b,
          co_window_of_opportunity_c, co_window_corner_b,
          co_window_unsneaky_path_e, glass_columns_b, glass_columns_a,
          glass_columns_a, glass_columns_a, glass_columns_a, minmay_tetromino_o2
D:3:      layout_loops_corners, elyvilon_altar_5, serial_forest,
          infiniplex_forest_lined_room_, infiniplex_forest_clump_cross,
          infiniplex_forest_fountain, infiniplex_forest_straight_2,
          infiniplex_forest_zigzag_1, serial_bayou_lake_a
D:4:      layout_gridville, trog_ov_bears_minmay, ebering_ghost_sewer_f
D:5:      layout_cave_pools, nicolae_ru_great_annihilating_truth,
          grunt_ministairs_2
D:6:      lemuel_ratsnest, layout_basic, minmay_temple_entry_stoned_glass,
          serial_corexii_hall, corexii_hall_statues_x, corexii_hall_statues_t,
          corexii_hall_statues_x, corexii_hall_statues_i, kennysheep_nondescript

Skill      XL: |  1  2  3  4  5  6  7 |
---------------+----------------------+-----
Maces & Flails | 3 4 5 6 |  6.7
Fighting       | 4 5 6 |  6.1
Armour         | |  3.8
Shields        | |  3.2

Action                   |  1- 3 |  4- 6 |  7- 9 || total
-------------------------+-------+-------+-------++-------
Melee: Flail             |   110 |   146 |    86 ||   342
  Use: Scroll            |       |     5 |       ||     5
       Potion            |       |     2 |     5 ||     7
Armor: Scale mail        |    50 |       |       ||    50
       Plate armour      |       |   105 |    97 ||   202
Dodge: Dodged            |    59 |    37 |    31 ||   127
Block: Buckler           |    24 |    32 |    19 ||    75
